 Dungeon Crawl Stone Soup version bcrawl-1.21.3 (webtiles) character file.

Game seed: 8133409303027621705

33 Flugslaktarn the Sneak (level 3, -1/22 HPs)
             Began as a Skeleton Archaeologist on Mar 28, 2020.
             Slain by a gnoll
             ... wielding a +0 halberd
              (7 damage)
             ... on level 2 of the Dungeon.
             The game lasted 00:00:45 (1381 turns).

Flugslaktarn the Sneak (Skeleton Archaeologist)     Turns: 1381, Time: 00:00:45

Health: -1/22      AC:  6    Str: 18      XL:     3   Next: 12%
Magic:  0/3        EV:  7    Int:  9 (12) God:
Gold:   104        SH:  6    Dex:  7      Spells: 2/2 levels left

rFire    . . .     SeeInvis .   a - +0 whip
rCold    + . .     Gourm    .   j - +0 medium shield
rNeg     + + +     Faith    .   b - +1 robe
rPois    ∞         Spirit   +   c - +1 hat
rElec    .         Reflect  .   (no cloak)
rCorr    .         Harm     .   (no gloves)
MR       .....                  d - +1 pair of boots
Stlth    ++........             (no amulet)
HPRegen  0.07/turn              v - -2 ring of evasion (curse)
MPRegen  0.08/turn              (no ring)

@: no status effects
A: no food or potions, cold resistance 1, deterioration 1, negative energy
resistance 3, torment resistance, unbreathing, magic shield, sturdy frame 1,
spell healing
a: no special abilities


You were on level 2 of the Dungeon.
You were not hungry.

You visited 1 branch of the dungeon, and saw 2 of its levels.

You collected 104 gold pieces.

Inventory:

Hand Weapons
 a - a +0 whip (weapon)
Armour
 b - a +1 robe (worn)
 c - a +1 hat (worn)
 d - a +1 pair of boots (worn)
 j - a +0 medium shield (worn)
   (You found it on level 2 of the Dungeon)
Jewellery
 i - a +4 ring of evasion
   (You found it on level 2 of the Dungeon)
 v - a cursed -2 ring of evasion (left hand)
   (You found it on level 1 of the Dungeon)
Scrolls
 e - a scroll of magic mapping
 g - a scroll of teleportation {unknown}
 h - 2 scrolls of identify {unknown}
Miscellaneous
 f - a dusty tome


   Skills:
 * Level 2.6 Fighting
 - Level 1.2 Maces & Flails
 + Level 1.4 Armour
 - Level 3.0 Dodging
 - Level 3.6 Stealth
 + Level 0.1 Shields


You had 2 spell levels left.
You didn't know any spells.
Your spell library was empty.

Dungeon Overview and Level Annotations

Branches:
Dungeon (2/12)

Altars:
Kikubaaqudgha


Innate Abilities, Weirdness & Mutations

You do not eat or drink.
You are immune to poison.
Your flesh is cold resistant. (rC+)
Your body sometimes deteriorates upon taking damage.
You are immune to negative energy. (rN+++)
You are immune to unholy pain and torment.
You can survive without breathing.
When hurt, damage is shared between your health and your magic reserves.
Your movements are slightly less encumbered by armour. (ER -2)
Casting spells heals you.


Message History

You block the gnoll's attack.
You hit the gnoll but do no damage.
The gnoll is lightly wounded.
You hit the gnoll but do no damage. The gnoll closely misses you. x2
You hit the gnoll.
The gnoll is lightly wounded.
You block the gnoll's attack. x2
You hit the gnoll.
The gnoll is moderately wounded.
The gnoll closely misses you. You block the gnoll's attack.
You barely miss the gnoll.
The gnoll is moderately wounded.
The gnoll hits you but does no damage.
The gnoll hits you from afar with a +0 halberd!
You hit the gnoll.
The gnoll is heavily wounded.
The gnoll hits you with a +0 whip!
* * * LOW HITPOINT WARNING * * *
The gnoll hits you from afar with a +0 halberd!
You die...

#####......###....
#...#......# #....
# #.#.#......#
#.... #.
#.#.#......# #####
#.. #.#.#......#
#...##.#.#.####.#
#........#.####.#.#
##+###.#...........
#@#.#.########
#g#.#.# #g#.#..
#g#.#### #g#.#
#.#.# #.#. #.#


You could see 4 gnolls.

Vanquished Creatures
  2 worms
  A dart slug (D:1)
  3 leopard geckos (D:1)
  4 goblins
  A hobgoblin (D:2)
  5 kobolds (D:2)
  4 bats (D:1)
  2 frilled lizards (D:1)
  2 rats
24 creatures vanquished.

Notes
Turn   | Place    | Note
-------+----------+-------------------------------------------
     0 | D:1      | Flugslaktarn the Skeleton Archaeologist began the quest for
                  | the Orb.
     0 | D:1      | Reached XP level 1. HP: 12/12 MP: 1/1
   149 | D:1      | Reached XP level 2. HP: 17/17 MP: 2/2
   324 | D:1      | Reached skill level 1 in Armour
   911 | D:2      | Found an ancient bone altar of Kikubaaqudgha.
  1192 | D:2      | Reached XP level 3. HP: 18/22 MP: 3/3
  1381 | D:2      | Slain by a gnoll

Skill      XL: |  1  2 |
---------------+-------+-----
Fighting       | 2 |  2.6
Armour         | 1 |  1.4
Maces & Flails | |  1.2
Dodging        | |  3.0
Stealth        | |  3.6
Shields        | |  0.1

Action                   || total
-------------------------++-------
Melee: Whip              ||   110
 Stab: Sleeping          ||     6
Armor: Robe              ||    54
Dodge: Dodged            ||    63
Block: Medium shield     ||     5
